AoeStats
← Blazing Cartesia, The Virtuous

Arena

503986806Analyzed
1v1 RM · 1mo ago on Sep 3, 2026· 21m 56s· 2 players
Game mode
Random Map
Map size
Tiny (2 player)
Population
200
Speed
Normal
Resources
Standard
Victory
Conquest
Starting age
Dark Age
Ending age
Imperial Age
RankedLock teamsTeams togetherTeam positionsShared explorationLock speedFull tech treeHidden civsTurbo modeCheats
Victory
Defeat
🇨🇳 Poles · China
1198
+18
1176
-15
Blazing Cartesia, The Virtuous
3:04 Double-Bit Axe
4:38 Loom
5:30 Wheelbarrow
11:14 Feudal Age
11:33 Loom
13:30 Fletching
15:34 Bow Saw
20:27 Horse Collar
肥肥猫
5:35 Loom
8:59 Feudal Age
9:41 Double-Bit Axe
14:56 Fletching
21:46 Castle Age
Connection lost

Rejoining the realm…

Still unreachable

The connection could not be restored.

Session expired

The server has moved on; the page needs a fresh start.